 Dungeon Crawl Stone Soup version 0.24-a0-139-geb6712d (webtiles) character file.

Game seed: 14319514765673933034

64 Anon1729 the Chopper (level 4, -3/31 HPs)
             Began as an Octopode Monk on Mar 1, 2019.
             Slain by a gnoll
             ... wielding a +0 flail
              (7 damage)
             ... on level 2 of the Dungeon.
             The game lasted 00:01:47 (1870 turns).

Anon1729 the Chopper (Octopode Monk)                Turns: 1870, Time: 00:01:48

Health: -3/31      AC:  1    Str: 10    XL:     4   Next: 12%
Magic:  4/4        EV: 14    Int: 12    God:
Gold:   75         SH:  0    Dex: 15    Spells: 3/3 levels left

rFire    . . .     SeeInvis .   a - +0 hand axe
rCold    . . .     Gourm    .   (no shield)
rNeg     . . .     Faith    .   (helmet restricted)
rPois    .         Spirit   .   (no amulet)
rElec    .         Reflect  .   (no ring)
rCorr    .         Harm     .   (no ring)
MR       .....                  (no ring)
Stlth    ++++......             (no ring)
HPRegen  0.10/turn              (no ring)
MPRegen  0.09/turn              (no ring)
                                (no ring)
                                (no ring)

@: no status effects
A: almost no armour, stealthy swim, amphibious, 8 rings, constrict 8, camouflage
1, gelatinous body 1
a: no special abilities


You were on level 2 of the Dungeon.
You were not hungry.

You visited 1 branch of the dungeon, and saw 3 of its levels.

You collected 75 gold pieces.

Inventory:

Hand Weapons
 a - a +0 hand axe (weapon)
Wands
 c - a wand of random effects (17)
Scrolls
 d - a scroll of identify {unknown}
 e - a scroll of magic mapping {unknown}
 f - a scroll of enchant armour {unknown}
 h - a scroll of immolation {unknown}
 i - a scroll of remove curse {unknown}
Potions
 g - a potion of might {unknown}
Comestibles
 b - 5 rations


   Skills:
 + Level 3.5 Fighting
 + Level 3.7 Axes
 + Level 3.3 Dodging
 + Level 3.7 Stealth


You had 3 spell levels left.
You didn't know any spells.
Your spell library was empty.

Dungeon Overview and Level Annotations

Branches:
Dungeon (3/15)

Altars:
Fedhas


Innate Abilities, Weirdness & Mutations

You cannot wear most types of armour.
You are very stealthy in the water. (Stealth+)
You are amphibious.
You can wear up to eight rings at the same time.
You can use your tentacles to constrict eight enemies at once.
Your skin changes colour to match your surroundings (Stealth+).
Your rubbery body absorbs attacks. (AC +1, EV +1)


Message History

(D) Dungeon
Where to? (Enter - D:3, ? - help)
You climb downwards.
The gnoll hits you with a cursed +0 whip!
The gnoll hits you with a +0 flail!
The gnoll throws a throwing net.
The throwing net misses you. The gnoll barely misses you.
The gnoll hits you with a +0 flail.
There is a stone staircase leading up here.
The gnoll hits you with a cursed +0 whip!
* * * LOW HITPOINT WARNING * * *
You climb upwards.
There is a stone staircase leading down here.
The gnoll barely misses you.
The gnoll hits you with a cursed +0 whip.
* * * LOW HITPOINT WARNING * * *
There is a stone staircase leading up here.
The gnoll misses you.
All of the chunks of flesh in your inventory have rotted away.
The gnoll hits you with a +0 flail!
You die...

# .....############ #.
#.....#........#
#.####.....+........#
#..........#........#
#...................# .
#................>..####
..#..%..####g...#........#
........# #...g.#........#
........# #....@.........#
........###..............#
.........................#
........#........#........#
........#....#####....)...#
........#....#####........#
.......................####
......................#
...................^..#


You could see 2 gnolls.

Vanquished Creatures
  2 adders (D:2)
  An ooze (D:2)
  A dart slug (D:1)
  A leopard gecko (D:1)
  4 bats
  2 giant cockroaches (D:2)
  5 goblins
  6 hobgoblins
  9 frilled lizards
  A kobold (D:1)
  A quokka skeleton (D:2)
  6 rats
39 creatures vanquished.

Notes
Turn   | Place    | Note
-------+----------+-------------------------------------------
     0 | D:1      | Anon1729 the Octopode Monk began the quest for the Orb.
     0 | D:1      | Reached XP level 1. HP: 16/16 MP: 1/1
   221 | D:1      | Reached XP level 2. HP: 21/21 MP: 2/2
   493 | D:1      | Reached XP level 3. HP: 26/26 MP: 3/3
  1127 | D:2      | Reached XP level 4. HP: 11/31 MP: 4/4
  1447 | D:2      | Found a blossoming altar of Fedhas.
  1848 | D:2      | HP: 1/31 [gnoll/cursed +0 whip (6)]
  1870 | D:2      | Slain by a gnoll

Levels and vault maps discovered:
D:1:      lemuel_arrival_behind_the_door_large, layout_basic, serial_glass,
          glass_columns_c, glass_columns_a, hangedman_decor_points
D:2:      layout_basic, lemuel_coloured_pillars_altar, first_ration, tgw_xom,
          uniq_crazy_yiuf_cottage
D:3:      layout_rooms, uniq_jessica, uniq_purgy, uniq_sigmund

Skill      XL: |  1  2 |
---------------+-------+-----
Stealth        | 3 |  3.7
Fighting       | |  3.5
Axes           | |  3.7
Dodging        | |  3.3

Action                   |  1- 3 |  4- 6 || total
-------------------------+-------+-------++-------
Melee: Hand axe          |    70 |     9 ||    79
       Constrict         |    19 |     3 ||    22
       Tentacles         |     9 |       ||     9
 Stab: Sleeping          |     9 |     1 ||    10
  Eat: Ration            |       |     1 ||     1
Armor: Skin              |     4 |     1 ||     5
Dodge: Dodged            |    38 |    12 ||    50

Table legend:
 A = Non-vault XP
 B = Vault XP
 C = Vault XP percentage of total XP
 D = Non-vault monster count
 E = Vault monster count
 F = Vault count percentage of total count
                 A         B        C        D         E       F
            +---------+---------+-------+---------+---------+-------
      Total |      92 |       0 |   0.0 |      39 |       0 |   0.0
            +---------+---------+-------+---------+---------+-------
        D:1 |      40 |       0 |   0.0 |      24 |       0 |   0.0
        D:2 |      48 |       0 |   0.0 |      13 |       0 |   0.0
        D:3 |       4 |       0 |   0.0 |       2 |       0 |   0.0
            +---------+---------+-------+---------+---------+-------
